AoeStats
← Lord_Wilfredo

Arena

508383389Analyzed
4v4 RM · 11d ago on Sep 22, 2026· 52m 17s· 8 players
Game mode
Random Map
Map size
Large (8 player)
Population
200
Speed
Normal
Resources
Standard
Victory
Conquest
Starting age
Dark Age
Ending age
Imperial Age
RankedLock teamsTeams togetherTeam positionsShared explorationLock speedFull tech treeHidden civsTurbo modeCheats
Victory
Defeat
1554
+10
1488
+12
🇻🇳 Mapuche · Vietnam
1461
+13
🇧🇷 Bohemians · Brazil
1433
+14
🇮🇩 Berbers · Indonesia
1582
-19
🇭🇺 Aztecs · Hungary
1358
-11
🇦🇷 Mongols · Argentina
1349
-10
🇺🇸 Slavs · United States
1319
-9
Valodimer
9:51 Feudal Age
10:33 Double-Bit Axe
10:58 Loom
16:15 Castle Age
14:07 Gold Mining
15:12 Horse Collar
17:19 Bow Saw
17:10 Heavy Plow
20:19 Fletching
23:00 Bodkin Arrow
26:34 Padded Archer Armor
27:16 Wheelbarrow
28:02 Leather Archer Armor
30:54 Imperial Age
29:39 Ballistics
29:55 Gold Shaft Mining
29:23 Stone Mining
31:36 Leather Archer Armor
31:10 Elite Bolas Rider
32:16 Hand Cart
32:56 Butalmapu
32:52 Malon
33:53 Conscription
36:35 Ring Archer Armor
44:29 Town Watch
49:26 Chemistry
48:05 Elite Skirmisher
安师大高级王罗宇晨
10:12 Feudal Age
14:05 Castle Age
13:01 Double-Bit Axe
15:15 Horse Collar
16:14 Bow Saw
22:39 Fortified Wall
24:13 Wheelbarrow
25:31 Gold Mining
25:59 Heavy Plow
25:53 Loom
26:11 Treadmill Crane
26:28 Stone Mining
27:15 Gold Shaft Mining
27:27 Padded Archer Armor
28:22 Ballistics
28:19 Hand Cart
28:22 Fletching
28:47 Leather Archer Armor
28:32 Crossbowman
29:19 Thumb Ring
29:14 Bodkin Arrow
32:22 Imperial Age
31:01 Masonry
31:52 Scale Barding Armor
31:57 Forging
32:00 Town Watch
32:24 Husbandry
32:27 Arbalester
33:29 Conscription
33:12 Bracer
33:42 Ring Archer Armor
33:26 Bloodlines
34:29 Iron Casting
34:14 Chain Barding Armor
33:38 Heavy Camel Rider
34:05 Light Cavalry
36:02 Chemistry
36:22 Blast Furnace
35:58 Plate Barding Armor
36:04 Hoardings
37:28 Coinage
37:17 Siege Engineers
43:26 Sanctity
43:07 Devotion
44:52 Faith
萌新队长需要忽悠萌新
10:38 Feudal Age
14:43 Castle Age
13:43 Double-Bit Axe
14:04 Horse Collar
17:33 Light Cavalry
21:53 Bow Saw
22:26 Wheelbarrow
22:12 Scale Barding Armor
24:07 Wheelbarrow
24:03 Stone Mining
25:29 Husbandry
26:43 Chain Barding Armor
29:48 Imperial Age
27:32 Detinets
27:43 Fletching
28:12 Gold Mining
28:32 Heavy Plow
28:04 Elite Skirmisher
28:44 Bodkin Arrow
30:07 Ballistics
30:05 Padded Archer Armor
30:20 Town Watch
31:40 Onager
33:57 Leather Archer Armor
34:24 Siege Engineers
35:38 Gold Shaft Mining
36:03 Hand Cart
35:22 Pikeman
36:05 Scale Mail Armor
36:57 Conscription
36:00 Halberdier
36:41 Squires
37:27 Chain Mail Armor
39:01 Plate Mail Armor
39:17 Siege Onager
43:04 Forging
43:24 Ring Archer Armor
43:59 Chemistry
43:37 Town Patrol
43:22 Loom
43:51 Masonry
43:51 Druzhina
44:51 Crop Rotation
45:23 Two-Man Saw
45:18 Man-at-Arms
45:58 Long Swordsman
46:13 Elite Boyar
47:33 Iron Casting
47:18 Chain Barding Armor
46:25 Hussar
47:09 Two-Handed Swordsman
47:49 Champion
50:02 Blast Furnace
48:38 Heavy Scorpion
51:51 Plate Barding Armor
逆·风
12:17 Feudal Age
13:00 Double-Bit Axe
15:51 Castle Age
14:06 Horse Collar
16:32 Heavy Plow
16:33 Loom
17:51 Fervor
18:07 Town Watch
18:15 Fletching
21:31 Wheelbarrow
25:14 Masonry
24:45 Treadmill Crane
29:26 Imperial Age
28:15 Hand Cart
28:33 Ballistics
29:25 Chemistry
28:05 Pikeman
29:10 Fortified Wall
29:14 Squires
29:27 Scale Mail Armor
29:37 Forging
29:47 Halberdier
31:12 Chain Mail Armor
31:18 Bodkin Arrow
31:24 Padded Archer Armor
33:07 Plate Mail Armor
33:13 Iron Casting
33:42 Bracer
34:28 Leather Archer Armor
34:27 Elite Skirmisher
37:19 Ring Archer Armor
46:45 Bow Saw
PZ|NagyGeri1
9:00 Loom
11:15 Feudal Age
12:59 Town Watch
16:03 Castle Age
24:02 Imperial Age
23:27 Redemption
25:03 Block Printing
25:24 Theocracy
26:06 Atonement
28:19 Illumination
28:56 Fervor
29:07 Sanctity
33:20 Herbal Medicine
33:26 Devotion
35:39 Heresy
HappyHalb
11:24 Feudal Age
15:31 Castle Age
13:41 Horse Collar
13:49 Double-Bit Axe
16:58 Bow Saw
22:05 Wheelbarrow
22:49 Stone Mining
22:53 Gold Mining
24:21 Squires
25:01 Pikeman
28:26 Imperial Age
27:55 Scale Mail Armor
28:05 Forging
28:27 Capped Ram
29:25 Chain Mail Armor
28:34 Halberdier
29:18 Siege Ram
30:52 Man-at-Arms
33:29 Ballistics
34:54 Scale Barding Armor
35:24 Iron Casting
35:01 Man-at-Arms
36:29 Chain Barding Armor
36:19 Loom
37:34 Plate Mail Armor
39:12 Plate Barding Armor
39:39 Blast Furnace
39:03 Conscription
38:45 Druzhina
40:00 Bloodlines
39:54 Husbandry
39:51 Light Cavalry
40:43 Onager
42:30 Siege Onager
44:33 Chemistry
Embege
10:29 Feudal Age
12:12 Wheelbarrow
11:22 Town Watch
14:28 Castle Age
12:20 Double-Bit Axe
12:36 Horse Collar
15:22 Bow Saw
19:45 Gold Mining
20:31 Stone Mining
23:58 Loom
24:49 Heavy Plow
26:21 Wheelbarrow
27:21 Gold Shaft Mining
27:22 Stone Shaft Mining
29:54 Imperial Age
27:31 Fletching
27:41 Padded Archer Armor
27:31 Fletching
28:14 Hand Cart
28:28 Kasbah
29:03 Ballistics
28:45 Padded Archer Armor
29:55 Leather Archer Armor
29:36 Bodkin Arrow
29:56 Leather Archer Armor
29:54 Bodkin Arrow
30:41 Thumb Ring
30:50 Bloodlines
30:40 Husbandry
31:33 Bracer
32:18 Ring Archer Armor
31:15 Elite Camel Archer
32:17 Conscription
34:34 Hoardings
35:52 Chemistry
34:33 Treadmill Crane
37:30 Forging
37:25 Scale Barding Armor
37:30 Forging
37:13 Light Cavalry
37:51 Hussar
39:13 Iron Casting
40:26 Chain Barding Armor
42:50 Plate Barding Armor
44:29 Blast Furnace
43:15 Town Watch
Lord_Wilfredo
10:48 Feudal Age
11:54 Loom
14:38 Castle Age
13:33 Double-Bit Axe
13:32 Horse Collar
16:13 Bow Saw
23:05 Gold Mining
25:41 Wheelbarrow
26:14 Fletching
29:32 Imperial Age
27:01 Town Watch
27:53 Hand Cart
28:43 Bodkin Arrow
28:49 Padded Archer Armor
30:27 Leather Archer Armor
31:20 Chemistry
30:23 Bracer
31:21 Conscription
31:58 Ballistics
31:29 Elite Skirmisher
33:46 Scale Barding Armor
33:53 Forging
34:29 Bloodlines
34:20 Husbandry
35:00 Chain Barding Armor
35:17 Fortified Wall
35:06 Elite Steppe Lancer
37:30 Light Cavalry
38:09 Hussar
40:06 Iron Casting
43:42 Blast Furnace
46:34 Thumb Ring
Connection lost

Rejoining the realm…

Still unreachable

The connection could not be restored.

Session expired

The server has moved on; the page needs a fresh start.